Map: Temple of the Past

Players

monk

  • Race: Zerg Zerg
  • Spawn Location: 0:00

Yuriprime

  • Race: Zerg Zerg
  • Spawn Location: 0:00

VOD

Have the link to the VOD?

Description

Time

  • Played on: July 23, 2017, 4:28 a.m.
  • Length: 26:29
Show
View Real Time Build Order
Export as new Build Order

monk Zerg 

Build Orders:  

Get SALT Encoding   

  6  0:10  Drone x2  
  6  0:18  Drone x2  
  8  0:27  Drone x2  
  9  0:35  Extractor  
  8  0:48  Drone x2  
  8  0:49  Drone x2  
  10  1:12  Spawning Pool  
  10  1:18  Drone x2  
  11  1:28  Extractor  
  10  1:32  Overlord  
  10  1:46  Baneling Nest  
  10  1:54  Swarmling x6  
  10  1:58  Swarmling x3  
  14  2:06  Drone x2  
  15  2:11  Drone x2  
  16  2:46  Hatchery  
  18  2:53  Drone x2  
  18  2:57  Drone x2  
  20  3:06  Overlord  
  22  3:33  Drone x4  
  22  3:34  Drone x2  
  25  3:42  Drone x4  
  25  3:46  Drone x2  
  30  3:50  Centrifical Hooks  
  30  4:12  Drone x4  
  35  4:24  Lair  
  34  4:39  Metabolic Boost  
  29  4:44  Evolution Chamber  
  28  4:56  Queen  
  27  5:10  Swarmling x3  
  27  5:11  Swarmling x15  
  36  5:20  Overlord x2  
  36  5:21  Overlord x2  
  36  5:25  Zerg Melee Weapons Level 1  
  36  5:29  Hive  
  36  5:39  Hardened Carapace  
  36  5:46  Corrosive Acid  
  36  5:48  Swarmling x3  
  36  5:49  Swarmling x12  
  43  6:18  Swarmling x12  
  43  6:19  Swarmling x15  
  51  6:28  Swarmling x6  
  52  6:35  Queen  
  52  6:39  Adrenal Overload  
  50  6:40  Overlord x2  
  50  6:45  Swarmling x9  
  55  7:16  Rupture  
  57  7:21  Swarmling x3  
  57  7:23  Swarmling x3  
  57  7:24  Overlord x2, Swarmling x3  
  57  7:25  Swarmling x18  
  57  7:26  Swarmling x6  
  74  7:39  Overlord  
  74  7:40  Overlord  
  74  7:50  Swarmling x3  
  74  7:51  Swarmling x18  
  75  8:37  Swarmling x3  
  75  8:38  Swarmling x33  
  75  8:39  Swarmling x12  
  99  10:08  Scourge Nest  
  99  10:09  Scourge Nest  
  99  10:11  Overlord  
  99  10:19  Zerg Melee Weapons Level 2  
  99  10:25  Evolution Chamber, Shredding Claws  
  99  10:30  Extractor  
  99  10:39  Extractor  
  99  10:46  Overlord  
  90  11:00  Drone x2  
  90  11:01  Drone x16  
  99  11:10  Simplified Genome, Virulent Spores  
  99  11:13  Heroic Fortitude  
  99  11:42  Spine Crawler  
  99  11:44  Spine Crawler  
  99  11:49  Spine Crawler  
  99  11:52  Pneumatized Carapace, Spine Crawler  
  99  11:53  Overseer x3  
  99  11:54  Overseer x2  
  99  12:13  Medusa Blades  
  86  12:26  Zerg Flyer Weapons Level 1  
  79  12:41  Overseer  
  78  13:11  Spine Crawler  
  78  13:13  Spine Crawler  
  78  13:14  Spine Crawler  
  78  13:20  Spine Crawler x2  
  78  13:21  Drone x4  
  78  13:22  Drone x30  
  78  13:26  Rapid Bombardment  
  96  14:00  Spine Crawler  
  96  14:02  Spine Crawler  
  96  14:07  Spine Crawler  
  95  14:12  Spine Crawler  
  95  14:14  Spine Crawler  
  96  14:38  Drone x2  
  96  14:39  Zerg Melee Weapons Level 3  
  97  14:41  Zerg Ground Armor Level 1  
  99  14:56  Artillery Ducts  
  99  15:00  Spine Crawler  
  99  15:01  Spine Crawler  
  99  15:06  Spine Crawler  
  97  15:17  Spine Crawler  
  97  15:18  Spine Crawler  
  97  15:19  Spine Crawler  
  98  15:20  Zerg Flyer Weapons Level 2  
  98  15:22  Spine Crawler  
  98  15:24  Spine Crawler  
  97  15:40  Spine Crawler  
  97  15:42  Spine Crawler x2  
  97  15:45  Spine Crawler  
  97  15:46  Spine Crawler  
  96  16:21  Spine Crawler  
  96  16:22  Spine Crawler  
  96  16:25  Spine Crawler  
  96  16:29  Spine Crawler  
  94  16:31  Spine Crawler  
  94  16:34  Spine Crawler  
  94  16:36  Spine Crawler  
  92  16:44  Scourge x2  
  92  16:45  Scourge x14  
  92  16:49  Spine Crawler  
  99  16:50  Spine Crawler  
  99  16:53  Scourge x2  
  99  16:54  Scourge x2  
  100  17:55  Zerg Ground Armor Level 2  
  100  18:19  Protective Cover  
  100  18:41  Zerg Flyer Weapons Level 3  
  100  19:25  Drone x4, Spine Crawler  
  100  19:26  Spine Crawler  
  100  19:28  Spine Crawler  
  98  19:31  Spine Crawler  
  98  19:32  Spine Crawler  
  98  19:34  Spine Crawler  
  92  19:43  Drone x2, Spine Crawler  
  92  19:44  Drone x8  
  92  19:49  Spine Crawler  
  98  20:05  Spine Crawler  
  98  20:06  Spine Crawler  
  98  20:07  Spine Crawler  
  98  20:08  Spine Crawler  
  92  20:12  Spine Crawler  
  82  20:21  Drone x2  
  82  20:22  Drone x22  
  82  20:23  Drone x10  
  73  20:49  Swarmling x9  
  63  21:22  Spine Crawler  
  63  21:25  Swarmling x18  
  63  21:26  Swarmling x6, Spine Crawler  
  63  21:27  Spine Crawler  
  76  21:33  Spore Crawler  
  76  21:34  Spore Crawler, Spine Crawler  
  74  21:46  Aberration x3  
  74  21:47  Aberration x4  
  74  21:48  Aberration  
  100  22:10  Roach x4  
  100  22:11  Roach x14  
  100  22:12  Roach x2  
  100  22:24  Overlord  
  80  22:53  Zerg Flyer Armor Level 1  
  82  23:14  Spore Crawler  
  82  23:18  Spine Crawler x2  
  80  23:21  Spore Crawler x2  
  80  23:23  Spore Crawler  
  80  23:25  Spore Crawler  
  80  23:26  Spore Crawler  
  80  23:28  Spore Crawler x3  
  78  23:42  Spine Crawler  
  78  23:45  Spine Crawler  
  78  23:49  Spine Crawler  
  77  23:50  Spine Crawler x2  
  77  23:54  Spine Crawler  
  77  23:56  Spine Crawler  
  77  23:57  Spine Crawler x2  
  74  24:03  Spine Crawler  
  74  24:05  Aberration x4  
  74  24:06  Aberration x4  
  74  24:08  Spine Crawler  
  85  24:24  Scourge x2  
  85  24:27  Scourge x2  
  85  24:28  Scourge x24  
  85  24:29  Scourge x2  
  92  25:44  Spine Crawler  
  92  25:45  Spine Crawler  
  92  25:47  Spore Crawler  
  92  25:48  Spine Crawler  
  92  25:49  Spine Crawler  
  91  25:51  Spore Crawler  
  91  25:53  Spore Crawler  
  91  25:54  Spore Crawler  
  91  25:55  Spine Crawler  
  91  25:58  Spore Crawler  
  91  25:59  Spine Crawler  
Show
View Real Time Build Order
Export as new Build Order

Yuriprime Zerg 

Build Orders:  

Get SALT Encoding   

  12  0:03  Drone  
  13  0:18  Overlord  
  13  0:24  Drone  
  14  0:44  Drone x2  
  14  0:47  Drone  
  17  1:24  Drone x2  
  17  1:28  Extractor  
  18  1:31  Hatchery  
  18  1:37  Drone  
  18  1:53  Spawning Pool  
  18  1:55  Drone  
  18  2:05  Drone  
  19  2:19  Extractor  
  18  2:21  Drone  
  19  2:33  Drone x2  
  21  2:54  Lair  
  21  2:56  Drone  
  21  2:57  Drone  
  23  3:24  Hatchery  
  23  3:29  Drone x2  
  24  3:35  Drone  
  24  3:38  Drone  
  26  3:43  Extractor  
  25  3:58  Nydus Network  
  24  4:10  Drone  
  24  4:11  Drone  
  24  4:12  Drone  
  24  4:18  Extractor  
  26  4:44  Evolution Chamber x2, Drone  
  26  4:45  Drone x2  
  27  5:03  Nydus Network  
  26  5:23  Omega Worm  
  26  5:27  Drone  
  26  5:28  Drone x7  
  34  5:34  Heroic Fortitude  
  34  5:35  Chain Reaction  
  34  5:45  Hive  
  34  6:12  Overlord  
  34  6:13  Overlord x2  
  34  6:17  Omega Worm  
  34  6:37  Omega Worm  
  34  6:48  Drone  
  34  6:49  Drone x8  
  43  6:50  Drone x5  
  43  6:56  Zergling x2  
  43  6:57  Zergling x2  
  43  6:59  Zergling x2  
  51  7:22  Nydus Network  
  51  7:27  Omega Worm  
  51  7:29  Zergling x4  
  51  7:30  Zergling x14  
  51  7:31  Zergling x2  
  51  7:32  Zergling x2  
  51  7:34  Zergling x2  
  57  7:48  Zergling x2  
  58  7:59  Zergling x3  
  56  8:00  Zergling x6  
  56  8:01  Zergling x2  
  56  8:03  Zergling x3  
  56  8:05  Ability Efficiency, Zergling x2  
  56  8:07  Zergling  
  56  8:09  Metabolic Boost  
  56  8:10  Zergling  
  56  8:24  Zergling x13  
  56  8:25  Omega Worm  
  56  8:29  Zergling x2  
  57  8:30  Overlord x2  
  57  8:31  Overlord x4  
  57  8:33  Hardened Carapace  
  57  8:34  Omega Worm  
  54  8:52  Zergling x6  
  54  8:53  Zergling x2  
  54  8:57  Adrenal Overload  
  56  9:04  Omega Worm  
  55  9:15  Zergling x10  
  55  9:16  Zergling x8  
  64  9:21  Shredding Claws  
  64  9:25  Zergling x6  
  64  9:26  Zergling x9  
  64  9:27  Zergling x9  
  64  9:28  Zergling x6  
  64  9:29  Zergling x4  
  67  9:30  Zergling x7  
  67  9:31  Omega Worm, Zergling x6  
  67  9:32  Zergling x6  
  67  9:33  Zergling x6  
  67  9:34  Zergling x10  
  67  9:35  Zergling x6  
  67  9:36  Omega Worm  
  67  9:58  Zergling x12  
  66  10:04  Zergling x3  
  66  10:05  Zergling x16  
  66  10:06  Zergling x6  
  66  10:07  Zergling x14  
  66  10:10  Zergling x7  
  66  10:11  Zergling  
  66  10:20  Ultralisk Cavern  
  66  10:21  Drone x4  
  66  10:22  Drone  
  67  10:54  Hydralisk Den  
  66  11:06  Zerg Missile Weapons Level 1  
  66  11:07  Zerg Ground Armor Level 1  
  66  11:12  Chitinous Plating  
  66  11:15  Ultralisk x6  
  102  11:20  Overlord  
  102  11:32  Zergling x4  
  102  11:33  Zergling x11  
  102  11:34  Zergling x9  
  102  11:35  Zergling x9  
  102  11:36  Burrow Charge, Zergling x8  
  102  11:37  Zergling x7  
  102  11:38  Zergling x2  
  102  11:40  Zergling  
  99  12:00  Tissue Assimilation  
  86  12:11  Ultralisk x3  
  104  12:32  Ultralisk  
  104  12:34  Overlord  
  104  12:35  Overlord x3  
  110  12:53  Omega Worm  
  110  12:58  Omega Worm  
  110  13:03  Omega Worm  
  110  13:04  Ultralisk  
  110  13:08  Zerg Ground Armor Level 2, Zerg Melee Weapons Level 1  
  110  13:11  Muscular Augments  
  110  13:12  Ultralisk  
  110  13:14  Ultralisk  
  122  13:35  Ancillary Carapace  
  146  14:10  Hydralisk  
  146  14:11  Hydralisk x8, Frenzy  
  146  14:12  Zerg Missile Weapons Level 2, Hydralisk x3  
  146  14:40  Omega Worm  
  146  14:49  Omega Worm  
  146  14:51  Zerg Melee Weapons Level 2  
  146  14:56  Overlord x3  
  146  14:57  Overlord x5  
  146  15:06  Omega Worm  
  146  15:27  Hydralisk x6  
  146  15:28  Zerg Ground Armor Level 3  
  160  15:32  Hydralisk  
  160  16:04  Ultralisk x2  
  160  16:07  Zerg Missile Weapons Level 3  
  176  16:10  Hydralisk  
  176  16:11  Omega Worm  
  176  16:14  Hydralisk  
  176  16:17  Omega Worm  
  176  16:21  Omega Worm  
  186  16:41  Hydralisk x4  
  186  16:42  Hydralisk  
  186  16:56  Zerg Melee Weapons Level 3  
  194  17:04  Hydralisk  
  194  17:05  Hydralisk x3  
  194  17:06  Hydralisk  
  188  17:16  Hydralisk  
  188  17:17  Hydralisk  
  192  17:24  Omega Worm  
  192  17:29  Omega Worm  
  192  17:46  Omega Worm  
  192  17:52  Ultralisk  
  192  17:56  Hydralisk x4  
  192  17:57  Ultralisk  
  192  17:58  Pneumatized Carapace  
  200  18:00  Overseer x3  
  200  18:14  Spine Crawler  
  199  18:30  Hydralisk  
  199  18:42  Omega Worm  
  199  18:54  Hydralisk x2  
  199  18:56  Hydralisk x2  
  199  19:02  Hydralisk  
  199  19:03  Hydralisk  
  199  19:51  Omega Worm  
  199  20:03  Spine Crawler  
  199  20:06  Spine Crawler x3  
  199  20:08  Spine Crawler x3  
  192  20:12  Spine Crawler  
  192  20:13  Drone  
  192  20:14  Drone x8  
  192  20:18  Spore Crawler  
  199  20:21  Spore Crawler  
  199  20:22  Drone x2  
  199  20:23  Spore Crawler, Drone  
  200  21:35  Hatchery  
  200  21:38  Spine Crawler  
  198  21:40  Drone, Spine Crawler  
  198  21:41  Drone x3, Spine Crawler  
  198  21:42  Spine Crawler  
  198  21:43  Drone  
  200  21:51  Spine Crawler  
  200  21:52  Drone  
  200  21:53  Drone, Spine Crawler  
  200  21:54  Drone, Spine Crawler  
  200  21:59  Spine Crawler  
  199  22:00  Spine Crawler  
  199  22:01  Spore Crawler, Spine Crawler  
  199  22:07  Spore Crawler  
  195  22:15  Hatchery  
  195  22:19  Spine Crawler  
  199  22:21  Drone  
  199  22:23  Hydralisk x3  
  199  22:25  Omega Worm  
  200  22:30  Omega Worm  
  200  22:33  Omega Worm  
  198  22:53  Drone  
  198  22:54  Drone  
  200  23:08  Ultralisk  
  200  23:09  Ultralisk  
  200  23:28  Omega Worm  
  200  23:32  Omega Worm  
  200  23:35  Omega Worm  
  200  24:33  Spine Crawler x3  
  200  24:34  Ultralisk, Spine Crawler x2  
  200  24:36  Spine Crawler  
  200  24:37  Spine Crawler  
  193  24:40  Spore Crawler  
  193  24:43  Spore Crawler  
  193  24:44  Spore Crawler  
  193  24:45  Drone  
  193  24:46  Spore Crawler, Drone x5  
  193  24:47  Drone x5  
  192  25:26  Hydralisk  
  192  25:27  Hydralisk x3  
  200  25:59  Omega Worm  
  200  26:01  Omega Worm  
  200  26:06  Omega Worm  
Tags
 
Add a new tag
Caveats
  • Supply blocks, unpowered buildings, or Contaminate may cause inaccurate times.
  • Supply counts are checked every 10 seconds.